 Dungeon Crawl Stone Soup version 0.30-a0-918-g0ff054e9dc (webtiles) character file.

Game seed: 2140918693105938521

22 Ghaji the Ruffian (level 2, -5/28 (29) HPs)
             Began as a Troll Berserker on Mar 20, 2023.
             Was a Follower of Trog.
             Slain by Sigmund
             ... wielding a +0 scythe
              (10 damage)
             ... on level 3 of the Dungeon.
             The game lasted 00:02:18 (477 turns).

Ghaji the Ruffian (Troll Berserker)                  Turns: 477, Time: 00:02:18

HP:   -5/28 (29)    AC:  4    Str: 24    XL:     2   Next: 68%
MP:   1/1           EV: 10    Int:  3    God:    Trog [*.....]
Gold: 39            SH:  0    Dex:  9    Spells: 1/1 levels left

rFire   . . .      SeeInvis .      - Unarmed
rCold   . . .      Faith    .    (no shield)
rNeg    . . .      Spirit   .    a - +0 animal skin
rPois   .          Reflect  .    (helmet restricted)
rElec   .          Rampage  .    (no cloak)
rCorr   .                        (gloves unavailable)
Will    .....                    (boots unavailable)
Stlth   +                        (no amulet)
HPRegen 1.04/turn                (no ring)
MPRegen 0.07/turn                (no ring)

@: lightly drained
A: large, unfitting armour, claws 3, regeneration 1, shaggy fur 1, tough skin 1
a: Renounce Religion, Berserk


You were on level 3 of the Dungeon.
You worshipped Trog.
Trog was aware of your devotion.
You visited 1 branch of the dungeon, and saw 3 of its levels.

You collected 39 gold pieces.

Inventory:

Missiles
 d - 8 stones (quivered)
Armour
 a - a +0 animal skin (worn)
 g - a +0 chain mail
Magical Staves
 f - a staff of fire
Scrolls
 c - a scroll of blinking {unknown}
Potions
 b - 2 potions of heal wounds {unknown}
 e - a potion of lignification {unknown}
 h - a potion of degeneration {unknown}
 i - a potion of curing {unknown}


   Skills:
 + Level 2.7 Fighting
 + Level 2.7 Dodging
 + Level 3.3 Unarmed Combat


You had one spell level left.
You didn't know any spells.
Your spell library was empty.

Dungeon Overview and Level Annotations

Branches:
Dungeon (3/15)

Altars:
Qazlal
Sif Muna
The Shining One

Annotations:
D:3 Robin, Sigmund


Innate Abilities, Weirdness & Mutations

You are too large for most types of armour.
You have claws for hands.
Your natural rate of healing is unusually fast.
You are covered in fur. (AC +1)
You have tough skin. (AC +1)


Message History

You kill the goblin!
Trog accepts your kill. The goblin hits you but does no damage.
Robin roars a battlecry!
The goblin goes into a battle-frenzy!
You barely miss the goblin. The goblin barely misses you.
The goblin hits you with a +2 dagger of protection.
The goblin hits you but does no damage.
You closely miss the goblin. The goblin closely misses you. x2
You scratch the goblin but do no damage.
Sigmund closely misses you. The goblin hits you but does no damage.
The goblin barely misses you. The goblin hits you but does no damage.
You barely miss the goblin. You claw the goblin!
You kill the goblin!
Trog accepts your kill. Sigmund closely misses you.
The goblin barely misses you. x2
Robin hits you with a +0 club.
You closely miss the goblin. The goblin hits you but does no damage.
The goblin misses you. The goblin hits you but does no damage.
The hobgoblin barely misses you.
Robin roars a battlecry!
The goblins go into a battle-frenzy!
Sigmund hits you from afar with a +0 scythe.
You barely miss the goblin. Robin throws the goblin at you!
The goblin hits you but does no damage. The hobgoblin hits you.
The goblin barely misses you. The goblin hits you with a +0 dagger.
The goblin hits you with a +2 dagger of protection.
You scratch the goblin but do no damage.
Sigmund casts a spell.
Sigmund flickers and vanishes!
Deactivating autopickup; reactivate with Ctrl-A.
The goblin hits you but does no damage. The goblin completely misses you.
The goblin hits you with a +2 dagger of protection.
The goblin hits you with a +0 dagger of draining.
You feel drained. The hobgoblin hits you.
* * * LOW HITPOINT WARNING * * *
Robin drinks a potion.
Robin seems to grow stronger.
You closely miss the goblin. Something hits you!
You die...

####.......# #.######:.#
..........# #.#........
#.......gg###..........
.<........g.............
.#.#....g#.#.###)....###
....#..##.#.###....##
#...#......g#g{(...#
...........gggg#...# .
gg@.....gg@gb....#
...g......g###....#
..g.......## #...#
...... ..## ....# #...
.#.# ##.. #. .. .


You could see Robin (strong), 3 hobgoblins, 6 goblins and a bat.

Vanquished Creatures
  An orc (D:3)
  2 bats (D:1)
  A giant cockroach (D:3)
  4 goblins
  A hobgoblin (D:1)
  5 quokkas
  2 ball pythons (D:1)
16 creatures vanquished.

Notes
Turn   | Place    | Note
-------+----------+-------------------------------------------
     0 | D:1      | Ghaji the Troll Berserker began the quest for the Orb.
     0 | D:1      | Reached XP level 1. HP: 22/22 MP: 0/0
   237 | D:1      | Reached XP level 2. HP: 26/29 MP: 1/1
   325 | D:3      | Found a stormy altar of Qazlal.
   325 | D:3      | Found a glowing golden altar of the Shining One.
   352 | D:3      | Found a shimmering blue altar of Sif Muna.
   450 | D:3      | Noticed Sigmund
   450 | D:3      | Noticed Robin
   477 | D:3      | Slain by Sigmund

Illustrated notes

Levels and vault maps discovered:
D:1:      grunt_arrival_lava_bath, layout_basic
D:2:      layout_loops_ring, serial_shops, nicolae_shop_stone, basic_altar,
          serial_bayou_lake_a, uniq_terence
D:3:      layout_rooms, nicolae_overflow_hidden_temple, serial_shops,
          nicolae_shop_temple_entry_statues_fountains, hangedman_feature_mirror,
          due_unseen_surprise, uniq_crazy_yiuf_cottage, uniq_sigmund, uniq_robin

Action                     || total
---------------------------++-------
  Melee: Unarmed           ||    36
 Armour: Animal skin       ||    29
  Dodge: Dodged            ||    36

Table legend: (Time is in decaauts)
 A = Elapsed time spent in this place.
 B = Non-inter-level travel time spent in this place.
 C = Inter-level travel time spent in this place.
 D = Time resting spent in this place.
 E = Time spent auto-exploring this place.
 F = Levels seen in this place.
 G = Mean time per level.
                   A        B        C        D        E       F      G
               +--------+--------+--------+--------+--------+-----+--------+
         Total |    474 |    474 |      0 |     44 |    229 |   3 |  158.0 |
       Dungeon |    474 |    474 |      0 |     44 |    229 |   3 |  158.0 |
               +--------+--------+--------+--------+--------+-----+--------+

Top non-repeatable levels by time:
     D:1: 314 daAuts
     D:3: 150 daAuts
     D:2: 9 daAuts
